 Dungeon Crawl Stone Soup version 0.27-a0-1319-geec4fb4e21 (webtiles) character file.

Game seed: 5993968539164584532

387 bande the Covered (level 6, -5/38 HPs)
             Began as a Gargoyle Fighter on June 21, 2021.
             Was a Follower of Okawaru.
             Slain by an ogre (17 damage)
             ... on level 5 of the Dungeon.
             The game lasted 00:04:51 (3262 turns).

bande the Covered (Gargoyle Fighter)                Turns: 3262, Time: 00:04:51

Health: -5/38      AC: 14    Str: 20    XL:     6   Next: 78%
Magic:  0/7        EV:  8    Int:  9    God:    Okawaru [*.....]
Gold:   142        SH: 11    Dex: 16    Spells: 7/7 levels left

rFire    . . .     SeeInvis .   a - +1 war axe
rCold    . . .     Faith    .   c - +1 kite shield
rNeg     + . .     Spirit   +   b - +0 scale mail
rPois    ∞         Reflect  .   l - +0 helmet
rElec    +         Harm     .   (no cloak)
rCorr    .         Rampage  .   k - +0 pair of gloves
Will     .....                  (no boots)
Stlth    ..........             p - amulet of guardian spirit
HPRegen  0.12/turn              n - +6 ring of dexterity
MPRegen  0.10/turn              (no ring)

@: no status effects
A: sickness immunity, AC +4, negative energy resistance 1, electricity
resistance, torment resistance 1, petrification resistance
a: Renounce Religion, Heroism


You were on level 5 of the Dungeon.
You worshipped Okawaru.
Okawaru was aware of your devotion.
You visited 1 branch of the dungeon, and saw 5 of its levels.

You collected 142 gold pieces.

Inventory:

Hand Weapons
 a - a +1 war axe (weapon)
Missiles
 h - a throwing net (quivered)
Armour
 b - a +0 scale mail (worn)
 c - a +1 kite shield (worn)
 k - a +0 pair of gloves (worn)
 l - a +0 helmet (worn)
 s - a +1 hat
Jewellery
 n - a +6 ring of dexterity (left hand)
 p - an amulet of guardian spirit (around neck)
Scrolls
 e - 6 scrolls of fear
 g - a scroll of enchant armour
 j - a scroll of fog
 m - a scroll of magic mapping
 u - 3 scrolls of enchant weapon
Potions
 d - 3 potions of might
 f - a potion of resistance {unknown}
 i - a potion of curing
 o - a potion of berserk rage {unknown}
 q - a potion of lignification {unknown}
 r - a potion of flight {unknown}
 t - a potion of ambrosia {unknown}


   Skills:
 + Level 4.0 Fighting
 + Level 4.0 Axes
 + Level 4.6 Armour
 - Level 1.2 Dodging
 + Level 4.4 Shields
 * Level 1.0 Spellcasting
 * Level 1.1 Invocations


You had 7 spell levels left.
You didn't know any spells.
Your spell library contained the following spells:

 Spells                   Type           Power      Damage    Failure   Level
 Magic Dart               Conj           0%         1d3       98%         1
 Blink                    Tloc           N/A        N/A       99%         2
 Call Imp                 Summ           0%         N/A       99%         2
 Slow                     Hex            0%         N/A       99%         2
 Conjure Flame            Conj/Fire      0%         6-21      100%        3
 Mephitic Cloud           Conj/Pois/Air  0%         N/A       100%        3


Dungeon Overview and Level Annotations

Branches:
Dungeon (5/15)
 Temple: D:4-7

Altars:
Okawaru
The Shining One


Innate Abilities, Weirdness & Mutations

You are immune to sickness and miasma.
Your stone body is resilient. (AC +4)
You are immune to poison.
You resist negative energy. (rN+)
You are resistant to electric shocks. (rElec)
You are resistant to unholy torment.
You are immune to petrification.


Message History

The ogre hits you with a +0 giant club! The black bear bites you.
The black bear closely misses you. You block the black bear's attack.
You closely miss the ogre.
The ogre is moderately wounded.
You closely miss the black bear. The ogre completely misses you.
You block the black bear's attack. x2; The black bear barely misses you.
You barely miss the ogre.
The ogre is moderately wounded.
You slash the black bear! The ogre hits you but does no damage.
The black bear bites you. You block the black bear's attack.
The black bear barely misses you.
The black bear bites you but does no damage.
The black bear claws you but does no damage. x2
The ogre barely misses you.
You slash the ogre!
The ogre is severely wounded.
You slash the black bear! You block the black bear's attack.
The black bear barely misses you. The black bear claws you.
The ogre hits you with a +0 giant club!
You barely miss the ogre.
The ogre is severely wounded.
You hit the black bear.
The black bear goes berserk!
You block the ogre's attack. You block the black bear's attack.
The black bear barely misses you. You block the black bear's attack.
Unknown command.
You hit the ogre but do no damage.
The ogre is severely wounded.
You hit the black bear but do no damage.
The black bear barely misses you.
The black bear claws you but does no damage.
You block the black bear's attack. The ogre completely misses you.
You block the black bear's attack.
The black bear claws you but does no damage.
The black bear claws you.
You hit the ogre.
The ogre is severely wounded.
You hit the black bear. The black bear barely misses you.
You block the black bear's attack. x2
The ogre hits you with a +0 giant club!!
You die...

#... ... #.. .... ###+#
.. +.. ....##...# ...
#.. .........# ...##..
.........# ....##.
.........#.....#
...#.##
......h..+.....#
.......
......O@.#.....#
.......
##+#####'#.....#
..#.... ...##...#.....#
#.... ........#.....#
+....
........#.....##+######
........'............#.
........#.........^..#.
...######............'.
... #...###'##.......#.


You could see a black bear (berserk) and an ogre.

Vanquished Creatures
  A black bear (D:4)
  A scorpion (D:4)
  A crimson imp (D:5)
  2 centaur skeletons (D:4)
  A hound skeleton (D:4)
  4 adders
  An ufetubus (D:5)
  An adder skeleton (D:4)
  4 worms
  2 dart slugs
  3 orcs (D:3)
  7 endoplasms
  4 giant cockroaches
  4 goblins
  4 hobgoblins
  4 jackals (D:2)
  9 kobolds
  3 quokkas
  4 ball pythons
  4 bats
  3 frilled lizards
  A goblin skeleton (D:5)
  3 hobgoblin zombies (D:5)
  2 kobold skeletons (D:5)
  A kobold zombie (D:5)
  An orc zombie (D:5)
  3 rats
78 creatures vanquished.

Vanquished Creatures (others)
  A fungus (D:3)
  5 plants (D:3)
6 creatures vanquished.

Grand Total: 84 creatures vanquished

Notes
Turn   | Place    | Note
-------+----------+-------------------------------------------
     0 | D:1      | bande the Gargoyle Fighter began the quest for the Orb.
     0 | D:1      | Reached XP level 1. HP: 14/14 MP: 1/1
    82 | D:1      | Reached XP level 2. HP: 19/19 MP: 2/2
   778 | D:2      | Reached XP level 3. HP: 13/23 MP: 3/3
  1226 | D:2      | Reached XP level 4. HP: 29/29 MP: 4/4
  1547 | D:3      | Found a faded altar of an unknown god.
  2165 | D:4      | Found an iron altar of Okawaru.
  2192 | D:4      | Reached XP level 5. HP: 27/33 MP: 3/5
  2207 | D:4      | Became a worshipper of Warmaster Okawaru
  2403 | D:4      | Noticed a black bear
  2415 | D:4      | Killed a black bear
  2416 | D:4      | Reached skill level 1 in Dodging
  2416 | D:4      | Reached XP level 6. HP: 32/38 MP: 4/6
  3048 | D:5      | Entered Level 5 of the Dungeon
  3118 | D:5      | Found a glowing golden altar of the Shining One.
  3122 | D:5      | Reached * piety under Okawaru
  3123 | D:5      | Reached skill level 1 in Invocations
  3176 | D:5      | Reached skill level 1 in Spellcasting
  3253 | D:5      | Noticed a black bear
  3262 | D:5      | Slain by an ogre

Illustrated notes

Levels and vault maps discovered:
D:1:      dpeg_arrival_rooms_with_view, layout_rooms
D:2:      layout_rooms
D:3:      layout_basic, shapermc_ecumenical_altar_mp_ritualfount
D:4:      layout_loops_corners, marbit_many_paths
D:5:      layout_gridville, nicolae_tso_besieged_by_evil

Skill      XL: |  1  2  3  4  5  6 |
---------------+-------------------+-----
Axes           | 2 3 4 |  4.0
Armour         | 4 |  4.6
Shields        | 4 |  4.4
Dodging        | 1 |  1.2
Fighting       | 4 |  4.0
Invocations    | 1 |  1.1
Spellcasting   | 1 |  1.0

Action                   |  1- 3 |  4- 6 || total
-------------------------+-------+-------++-------
Melee: War axe           |   102 |   134 ||   236
  Use: Scroll            |     7 |     3 ||    10
Armor: Scale mail        |    65 |    87 ||   152
Dodge: Dodged            |    49 |    52 ||   101
Block: Kite shield       |    74 |    93 ||   167

Table legend: (Time is in decaauts)
 A = Elapsed time spent in this place.
 B = Non-inter-level travel time spent in this place.
 C = Inter-level travel time spent in this place.
 D = Time resting spent in this place.
 E = Time spent auto-exploring this place.
 F = Levels seen in this place.
 G = Mean time per level.
                   A        B        C        D        E       F      G
               +--------+--------+--------+--------+--------+-----+--------+
         Total |   3399 |   3363 |     36 |    235 |   2416 |   5 |  679.8 |
       Dungeon |   3399 |   3363 |     36 |    235 |   2416 |   5 |  679.8 |
               +--------+--------+--------+--------+--------+-----+--------+

Top non-repeatable levels by time:
     D:4: 961 daAuts
     D:3: 780 daAuts
     D:2: 741 daAuts
     D:1: 688 daAuts
     D:5: 227 daAuts
